 Dungeon Crawl Stone Soup version 0.18.1-8-gdd0e5ea (webtiles) character file.

75289 Guinours the Brawler (level 15, 0/128 HPs)
             Began as a Minotaur Monk on May 27, 2016.
             Was the Champion of Qazlal.
             Succumbed to a ghost moth's poison
             ... on level 4 of the Spider Nest.
             The game lasted 01:53:24 (20727 turns).

Guinours the Brawler (Minotaur Monk)               Turns: 20727, Time: 01:53:25

Health: 0/128      AC: 41    Str: 21 (22) XL:     15   Next: 9%
Magic:  0/16       EV: 13    Int:  5 (10) God:    Qazlal [******]
Gold:   1291       SH: 21    Dex: 16 (17) Spells: 0 memorised, 14 levels left

rFire  . . .     SeeInvis .       - Unarmed
rCold  . . .     Gourm    .     q - +8 plate armour {ponderous}
rNeg   . . .     Faith    .     s - +0 shield
rPois  .         Spirit   .     R - +1 hat {Int+3}
rElec  .         Dismiss  +     F - +2 cloak
rCorr  .         Reflect  .     h - +0 pair of gloves
SustAt .         Harm     .     E - +2 pair of boots
MR     +....                    L - amulet of dismissal
Stlth  ..........               P - +4 ring of strength
                                f - +5 ring of protection

@: lethally poisoned (0 -> -33), repel missiles, slow, somewhat resistant to
hostile enchantments, extremely unstealthy
A: retaliatory headbutt, horns 2, thin metallic scales 1
a: Upheaval, Elemental Force, Disaster Area, Renounce Religion


You were on level 4 of the Spider Nest.
You worshipped Qazlal.
Qazlal was exalted by your worship.
You were full.

You visited 4 branches of the dungeon, and saw 18 of its levels.
You also visited: Sewer and Ossuary.

You collected 1291 gold pieces.

Inventory:

Armour
 h - a +0 pair of gloves (worn)
 q - a +8 plate armour of ponderousness (worn)
 s - a +0 shield (worn)
 E - a +2 pair of boots (worn)
 F - a +2 cloak (worn)
 R - a +1 hat of intelligence (worn)
Jewellery
 f - a +5 ring of protection (left hand)
 i - an uncursed ring of protection from fire
 w - an uncursed ring of positive energy
 J - an uncursed ring of positive energy
 L - an amulet of dismissal (around neck)
 P - a +4 ring of strength (right hand)
Wands
 a - a wand of iceblast (12/15)
 d - a wand of confusion (32/48)
 x - a wand of slowing (12/48)
 S - a wand of lightning (6/15)
Scrolls
 e - 12 scrolls of remove curse
 g - a scroll of brand weapon {unknown}
 m - 3 scrolls of recharging
 n - 2 scrolls of enchant weapon
 p - 2 scrolls of enchant armour
 z - 2 scrolls of fog
 B - a scroll of noise {unknown}
 D - a scroll of teleportation
 G - 2 scrolls of identify
 H - a scroll of silence {unknown}
 K - 2 scrolls of amnesia
 O - a scroll of magic mapping
 T - a scroll of immolation {unknown}
Potions
 j - 5 potions of flight
 k - 4 potions of haste
 l - 2 potions of berserk rage
 u - 5 potions of brilliance
 I - a potion of might
Miscellaneous
 A - a lamp of fire
Comestibles
 b - 8 bread rations
 r - 3 meat rations


   Skills:
 + Level 10.7 Fighting
 + Level 0.2 Throwing
 * Level 15.1 Armour
 * Level 12.0 Dodging
 - Level 1.5 Stealth
 + Level 13.2 Shields
 * Level 16.6 Unarmed Combat
 + Level 3.4 Invocations


You had 14 spell levels left.
You didn't know any spells.

Dungeon Overview and Level Annotations

Branches:
Dungeon (8/15)             Temple (1/1) D:7            Lair (5/8) D:8
  Swamp (0/4) Lair:4       Spider (4/4) Lair:5

Altars:
Ashenzari
Gozag
Makhleb
Nemelex Xobeh
Okawaru
Qazlal
Sif Muna
Trog
Vehumet
Yredelemnul
Zin
The Shining One

Shops:
D:5 %   D:6 %   D:8 [


Innate Abilities, Weirdness & Mutations

You reflexively headbutt those who attack you in melee.
You have a pair of horns on your head.
You are partially covered in thin metallic scales (AC +2).


Message History

You feel very sick.
You feel you are being watched by something.
Something hits you but does no damage. x2; Something barely misses you.
You closely miss something.
* * * LOW HITPOINT WARNING * * *
You feel sick.
You feel you are being watched by something.
Something hits you but does no damage. x2; Something barely misses you.
You closely miss something. You headbutt something.
* * * LOW HITPOINT WARNING * * *
You feel sick.
You closely miss something. You headbutt something.
* * * LOW HITPOINT WARNING * * *
You feel very sick.
You feel you are being watched by something.
You feel your power leaking away. You block something's attack.
Something hits you but does no damage. Something barely misses you.
You miss something. You headbutt something.
You die...

#..#.^..#..#...##.
##.#...........#
#.....^.####...# #
#...#..........##.
##..#.^#########^.
##..####^.#....^##
#..##...##.#.^....
#{§.....######....
#@##^##..# ####.
##^#..#### #...
#.§##.# ##.#
#....## ### ######
# # ##### ###≈.^##
##.≈....#


There were no monsters in sight!

Vanquished Creatures
  Gastronok (Lair:1)
  Donald (Spider:2)
  Maud (Lair:5)
  3 emperor scorpions
  2 ghost moths (Spider:4)
  A spark wasp (Spider:4)
  Josephine (Lair:4)
  3 entropy weavers
  2 hydras
  Erica (D:8)
  2 death yaks (Lair:4)
  8 orb spiders
  A necromancer (Spider:1)
  12 wolf spiders
  2 griffons (Lair:5)
  8 wolf spider zombies (Spider:1)
  4 hornets
  An ugly thing (D:7)
  4 moths of wrath
  5 elephants (Lair:5)
  Joseph (D:7)
  2 black mambas
  3 spiny frogs
  A torpor snail (Spider:3)
  A rime drake (Lair:2)
  A komodo dragon (Lair:3)
  7 redback zombies (Spider:1)
  7 demonic crawlers
  29 jumping spiders
  A slime creature (D:7)
  11 tarantella zombies (Spider:1)
  A boulder beetle (Lair:5)
  12 blink frogs
  A spriggan (D:7)
  4 wraiths (Lair:4)
  14 yaks
  Sigmund (D:5)
  55 redbacks
  12 tarantellas
  2 basilisks
  2 wyverns (Lair:4)
  Eustachio (D:5)
  Menkaure (D:6)
  3 hippogriffs
  Edmund (D:5)
  5 swamp worms (Lair:4)
  12 water moccasins
  Duvessa (D:7)
  2 ice beasts
  9 porcupines
  A sky beast (D:6)
  2 wasps
  3 orc warriors
  2 phantoms
  A necrophage (D:7)
  4 ogres
  2 centaurs
  10 crocodiles
  17 giant frogs
  A gnoll sergeant (D:7)
  Dowan (D:7)
  2 scorpions
  4 wights (D:8)
  2 electric eels
  5 hounds
  11 jellies
  A centaur zombie (D:8)
  8 orc priests
  A wasp zombie (D:6)
  A giant frog skeleton (D:7)
  5 iguanas
  14 orc wizards
  3 worker ants
  8 sheep
  7 big kobold zombies (Ossuary)
  2 hound zombies
  A hound skeleton (D:6)
  A mummy (Ossuary)
  7 gnolls (D:7)
  7 adders
  41 river rats
  A shadow imp (D:5)
  12 oozes
  An adder skeleton (D:5)
  3 adder zombies
  A worm (D:3)
  6 giant geckos
  20 orcs
  4 spectral bats (Ossuary)
  5 ball pythons
  8 giant cockroaches
  10 goblins
  7 hobgoblins
  7 jackals
  3 kobolds
  A quokka (D:7)
  A ball python skeleton (D:5)
  4 bats
  2 bat simulacra (Ossuary)
  11 giant newts
  5 gnoll zombies (Ossuary)
  A goblin simulacrum (Ossuary)
  4 goblin zombies (Ossuary)
  7 hobgoblin zombies (Ossuary)
  2 kobold simulacra (Ossuary)
  5 kobold zombies (Ossuary)
  2 orc zombies (Ossuary)
  8 rats
  4 rat simulacra (Ossuary)
  2 spectral goblins (Ossuary)
  A spectral kobold (Ossuary)
  4 spectral rats (Ossuary)
  A butterfly (Lair:5)
  12 fungi
  7 plants
  A withered plant (D:7)
614 creatures vanquished.

Vanquished Creatures (others)
  A wolf spider (Spider:4)
  An orc wizard (D:5)
  A kobold simulacrum (Ossuary)
  13 fungi
  3 plants
19 creatures vanquished.

Grand Total: 633 creatures vanquished

Notes
Turn   | Place    | Note
--------------------------------------------------------------
     0 | D:1      | Guinours the Minotaur Monk began the quest for the Orb.
     0 | D:1      | Reached XP level 1. HP: 19/19 MP: 0/0
    63 | D:1      | Reached XP level 2. HP: 25/27 MP: 1/1
   237 | D:1      | Reached skill level 1 in Armour
   446 | D:1      | Reached skill level 5 in Unarmed Combat
   769 | D:2      | Reached XP level 3. HP: 33/33 MP: 2/2
  1064 | D:2      | Found a glowing golden altar of the Shining One.
  1073 | D:2      | Found a stormy altar of Qazlal.
  1103 | D:2      | Became a worshipper of Qazlal Stormbringer
  1103 | D:2      | Reached * piety under Qazlal
  1103 | D:2      | Reached ** piety under Qazlal
  1419 | D:3      | Reached XP level 4. HP: 37/40 MP: 3/3
  1518 | D:3      | Found a glowing drain.
  1532 | Sewer    | Entered a sewer
  1594 | Sewer    | Noticed a giant frog
  1607 | Sewer    | Killed a giant frog
  1607 | Sewer    | Reached skill level 6 in Unarmed Combat
  1607 | Sewer    | Reached XP level 5. HP: 27/46 MP: 4/4
  2599 | D:4      | Reached XP level 6. HP: 43/52 MP: 5/5
  3389 | D:4      | Found an opulent altar of Gozag.
  4016 | D:5      | Entered Level 5 of the Dungeon
  4076 | D:5      | Noticed Sigmund
  4078 | D:5      | Noticed Eustachio
  4105 | D:5      | Killed Eustachio
  4105 | D:5      | Reached XP level 7. HP: 33/60 MP: 3/6
  4115 | D:5      | Killed Sigmund
  4115 | D:5      | Reached skill level 5 in Armour
  4115 | D:5      | Reached skill level 7 in Unarmed Combat
  4278 | D:5      | Found a sparkling altar of Nemelex Xobeh.
  4418 | D:5      | Found Jym Unuo's Food Boutique.
  4453 | D:5      | Reached skill level 1 in Invocations
  4770 | D:5      | Found a deep blue altar of Sif Muna.
  4790 | D:5      | Noticed Edmund
  4812 | D:5      | Killed Edmund
  4812 | D:5      | Reached skill level 5 in Fighting
  4812 | D:5      | Reached skill level 5 in Dodging
  4812 | D:5      | Reached XP level 8. HP: 41/68 MP: 3/7
  5164 | D:5      | Reached skill level 8 in Unarmed Combat
  5624 | D:5      | Gained mutation: You occasionally shout uncontrollably at your foes. [potion of mutation]
  5624 | D:5      | Gained mutation: You have an increased reservoir of magic (+10% MP). [potion of mutation]
  5624 | D:5      | Gained mutation: Your flesh is heat resistant. [potion of mutation]
  6067 | D:5      | Found a burning altar of Makhleb.
  6183 | D:6      | Found a sand-covered staircase.
  6209 | Ossuary  | Entered an ossuary
  6493 | Ossuary  | Reached *** piety under Qazlal
  6674 | D:6      | Reached skill level 9 in Unarmed Combat
  6769 | D:6      | Reached XP level 9. HP: 72/75 MP: 10/10
  6779 | D:6      | Noticed Menkaure
  6783 | D:6      | Killed Menkaure
  6878 | D:6      | Found Tonul's Food Shoppe.
  7419 | D:7      | Noticed Joseph
  7478 | D:7      | Killed Joseph
  7478 | D:7      | Reached skill level 10 in Unarmed Combat
  8231 | D:7      | Noticed Duvessa
  8234 | D:7      | Noticed Dowan
  8239 | D:7      | Killed Duvessa
  8241 | D:7      | Killed Dowan
  8278 | D:7      | Noticed a red ugly thing
  8294 | D:7      | Killed a red ugly thing
  8381 | D:7      | Reached skill level 11 in Unarmed Combat
  8381 | D:7      | Reached XP level 10. HP: 84/84 MP: 11/11
  8418 | D:7      | Reached skill level 1 in Shields
  8485 | D:7      | Reached skill level 10 in Armour
  8810 | D:7      | Found a basalt altar of Yredelemnul.
  8923 | D:7      | Found a staircase to the Ecumenical Temple.
  9288 | Temple   | Entered the Ecumenical Temple
  9317 | D:8      | Found Casolete's Antique Armour Emporium.
  9345 | D:8      | Reached **** piety under Qazlal
  9657 | D:8      | Found a staircase to the Lair.
  9756 | D:8      | Found a shattered altar of Ashenzari.
 10079 | D:8      | Noticed Erica
 10105 | D:8      | Killed Erica
 10115 | D:8      | Reached skill level 12 in Unarmed Combat
 10557 | Lair:1   | Entered Level 1 of the Lair of Beasts
 10718 | Lair:1   | Reached XP level 11. HP: 53/92 MP: 13/13
 11271 | Lair:1   | Noticed Gastronok
 11284 | Lair:1   | Killed Gastronok
 12223 | Lair:2   | Reached skill level 5 in Shields
 12258 | Lair:2   | Noticed a five-headed hydra
 12268 | Lair:2   | Killed a five-headed hydra
 12369 | Lair:2   | Reached ***** piety under Qazlal
 12375 | Lair:2   | Reached skill level 13 in Unarmed Combat
 13053 | Lair:3   | Noticed a five-headed hydra
 13076 | Lair:3   | Killed a five-headed hydra
 13076 | Lair:3   | Reached XP level 12. HP: 70/103 MP: 14/14
 13962 | Lair:4   | Noticed Josephine
 13968 | Lair:4   | Killed Josephine
 14357 | Lair:4   | Noticed a death yak
 14358 | Lair:4   | Noticed a death yak
 14380 | Lair:4   | Killed a death yak
 14386 | Lair:4   | Killed a death yak
 14386 | Lair:4   | Reached skill level 14 in Unarmed Combat
 14785 | Lair:4   | Found a staircase to the Swamp.
 15341 | Lair:5   | Noticed Maud
 15375 | Lair:5   | Reached skill level 10 in Dodging
 15400 | Lair:5   | Killed Maud
 15400 | Lair:5   | Reached XP level 13. HP: 25/111 MP: 15/15
 15618 | Lair:5   | Found a hole to the Spider Nest.
 15756 | Spider:1 | Entered Level 1 of the Spider Nest
 15850 | Spider:1 | Reached skill level 10 in Shields
 15905 | Spider:1 | Reached skill level 15 in Unarmed Combat
 15982 | Spider:1 | Reached ****** piety under Qazlal
 16228 | Spider:2 | Noticed Donald
 16251 | Spider:2 | Killed Donald
 17088 | Spider:2 | Reached skill level 10 in Fighting
 17641 | Spider:3 | Noticed an emperor scorpion
 17691 | Spider:3 | Killed an emperor scorpion
 17691 | Spider:3 | Reached XP level 14. HP: 34/121 MP: 17/17
 18839 | Spider:4 | Entered Level 4 of the Spider Nest
 18988 | Spider:4 | Reached skill level 16 in Unarmed Combat
 19334 | Spider:4 | Killed a ghost moth
 19611 | Spider:4 | Killed a ghost moth
 20302 | Spider:4 | Reached skill level 15 in Armour
 20437 | Spider:4 | Noticed an emperor scorpion
 20438 | Spider:4 | Noticed an emperor scorpion
 20444 | Spider:4 | Noticed an emperor scorpion
 20452 | Spider:4 | Noticed an emperor scorpion
 20509 | Spider:4 | Killed an emperor scorpion
 20509 | Spider:4 | Reached XP level 15. HP: 14/128 MP: 11/18
 20537 | Spider:4 | Lost mutation: You have an increased reservoir of magic (+10% MP). [potion of cure mutation]
 20537 | Spider:4 | Lost mutation: Your flesh is heat resistant. [potion of cure mutation]
 20537 | Spider:4 | Lost mutation: You occasionally shout uncontrollably at your foes. [potion of cure mutation]
 20566 | Spider:4 | Gained mutation: You are partially covered in thin metallic scales (AC +2). [potion of beneficial mutation]
 20584 | Spider:4 | HP: 4/128 [emperor scorpion (8)]
 20589 | Spider:4 | HP: 2/128 [poisoned by a hornet]
 20594 | Spider:4 | HP: 1/128 [poisoned by a hornet]
 20600 | Spider:4 | HP: 2/128 [poisoned by a hornet]
 20725 | Spider:4 | HP: 5/128 [poisoned by a ghost moth]
 20726 | Spider:4 | HP: 2/128 [poisoned by a ghost moth]
 20727 | Spider:4 | Succumbed to a ghost moth's poison

Skill      XL: |  1  2  3  4  5  6  7  8  9 10 11 12 13 14 15 |
---------------+----------------------------------------------+-----
Armour         | 1 2 3 4 6 8 9 11 12 13 14 15 | 15.1
Unarmed Combat | 5 6 7 9 11 12 13 14 15 16 | 16.6
Dodging        | 4 5 6 7 8 10 11 12 | 12.0
Fighting       | 4 5 6 7 8 9 10 | 10.7
Invocations    | 1 2 3 |  3.4
Shields        | 3 6 9 11 13 | 13.2
Throwing       | |  0.2
Stealth        | |  1.5

Action                   |  1- 3 |  4- 6 |  7- 9 | 10-12 | 13-15 || total
-------------------------+-------+-------+-------+-------+-------++-------
Melee: Unarmed           |    85 |   163 |   453 |   714 |   857 ||  2272
       Headbutt          |    17 |    31 |    87 |   172 |   240 ||   547
       Punch             |       |     4 |    11 |       |       ||    15
Throw: Stone             |     1 |       |     1 |       |       ||     2
Invok: Upheaval          |       |     3 |    13 |     3 |     4 ||    23
  Use: Scroll            |       |     2 |     5 |    11 |     7 ||    25
       Potion            |       |       |    10 |     4 |    20 ||    34
  Eat: Chunk             |     1 |     2 |     6 |    11 |     3 ||    23
       Bread ration      |       |     2 |       |     1 |       ||     3
       Beef jerky        |       |     1 |     1 |     1 |     1 ||     4
       Fruit             |       |       |     4 |     1 |    10 ||    15
       Pizza             |       |       |     1 |       |     1 ||     2
       Meat ration       |       |       |       |     1 |     2 ||     3
Armor: Plate armour      |    57 |   110 |   196 |   264 |   513 ||  1140
Dodge: Dodged            |    30 |    39 |    98 |   155 |   281 ||   603
       Deflected         |       |       |       |     1 |       ||     1
Block: Other             |     2 |    21 |    36 |       |       ||    59
       Shield            |       |       |    19 |   484 |   996 ||  1499
